 Dungeon Crawl Stone Soup version 0.17-a0-819-gf98af59 (webtiles) character file.

1033 talyn the Conjurer (level 8, -4/57 HPs)
             Began as a Purple Draconian Conjurer on Apr 27, 2015.
             Shot with an arrow by a centaur (14 damage)
             ... on level 5 of the Dungeon.
             The game lasted 00:19:02 (5541 turns).

talyn the Conjurer (Purple Draconian Conjurer)      Turns: 5541, Time: 00:19:02

Health: -4/57      AC:  6    Str: 10    XL:     8   Next: 3%
Magic:  4/16       EV: 12    Int: 17    God:
Gold:   343        SH:  5    Dex: 13    Spells: 5 memorised, 1 level left

rFire  . . .     SeeInvis .     a - +2 whip (elec)
rCold  . . .     Clarity  .     (armour unavailable)
rNeg   . . .     SustAb   .     f - +0 buckler
rPois  .         Gourm    .     (helmet restricted)
rElec  .         Spirit   .     (no cloak)
rCorr  .         Warding  .     (no gloves)
rMut   .         Rnd*Tele +     (no boots)
MR     +....                    (no amulet)
Stlth  ++........               (no ring)
                                q - ring of teleportation (curse)

@: somewhat resistant to hostile enchantments, unstealthy
A: breathe power, unfitting armour, cold-blooded, AC +6
a: Breathe Dispelling Energy, Evoke Teleportation


You were on level 5 of the Dungeon.
You were not hungry.

You visited 1 branch of the dungeon, and saw 5 of its levels.
You also visited: Sewer.

You collected 343 gold pieces.

Inventory:

Hand weapons
 a - a +2 whip of electrocution (weapon)
 o - a +0 lajatang
Armour
 f - a +0 buckler (worn)
Jewellery
 q - a cursed ring of teleportation (left hand)
Scrolls
 b - a scroll of amnesia
 p - 2 scrolls of teleportation
 s - a scroll of identify
 u - a scroll of magic mapping
Potions
 d - a potion of might
 e - a potion of restore abilities {unknown}
 g - a potion of haste {unknown}
 i - a potion of flight {unknown}
 j - a potion of invisibility {unknown}
 k - a potion of cancellation {unknown}
 l - a potion of agility {unknown}
 m - a potion of curing {unknown}
Books
 c - a book of Conjurations

   Spells                             Type                      Level
   a - Magic Dart                     Conjuration                  1
   b - Searing Ray                    Conjuration                  2
   c - Dazzling Spray                 Conjuration/Hexes            3
   d - Fulminant Prism                Conjuration/Hexes            4
   e - Iskenderun's Mystic Blast      Conjuration                  4
   f - Iskenderun's Battlesphere      Conjuration/Charms           5
Comestibles
 h - a meat ration
 n - a bread ration
 r - a royal jelly
 t - 3 chunks of flesh


   Skills:
 - Level 1.7 Dodging
 - Level 1.7 Stealth
 + Level 4.1 Shields
 + Level 5.8 Spellcasting
 + Level 7.7 Conjurations
 + Level 0.7 Charms


You had one spell level left.
You knew the following spells:

 Your Spells              Type           Power        Failure   Level  Hunger
a - Magic Dart            Conj           ####         1%          1    None
b - Dazzling Spray        Conj/Hex       ###.....     10%         3    ##.....
c - Iskenderun's Mystic   Conj           ####....     8%          4    ####...
d - Fulminant Prism       Conj/Hex       ###.......   30%         4    ####...
e - Iskenderun's Battles  Conj/Chrm      ###.....     71%         5    ######.


Dungeon Overview and Level Annotations

Branches:
Dungeon (5/15)
 Temple: D:4-7

Altars:
Ashenzari
Fedhas
Kikubaaqudgha


Innate Abilities, Weirdness & Mutations

You can breathe bolts of dispelling energy.
Your rich purple scales are hard (AC +6).
Your body does not fit into most forms of armour.
You are cold-blooded and may be slowed by cold attacks.


Message History

The centaur shoots an arrow.
The arrow barely misses you.
Casting: Magic Dart
Confirm with . or Enter, or press ? or * to list all spells.
Aiming: Magic Dart
Press: ? - help, Shift-Dir - straight line, f/p - centaur
Aim: a centaur, wielding a shortbow (severely wounded)
The magic dart hits the centaur.
The centaur is severely wounded.
The centaur shoots an arrow.
You block the arrow.
The centaur shoots an arrow.
The arrow hits you!
* * * LOW HITPOINT WARNING * * *
Casting: Magic Dart
Confirm with . or Enter, or press ? or * to list all spells.
Aiming: Magic Dart
Press: ? - help, Shift-Dir - straight line, f/p - centaur
Aim: a centaur, wielding a shortbow (severely wounded)
The magic dart hits the centaur.
The centaur is almost dead.
The centaur shoots an arrow.
The arrow hits you!
You die...

############**
#......##..,,, #########
#.####.##.#*** #...c.$.#
#.####.##.#### *,****#@#
#.##.........)
*,*####.###.##.#.##.##.#
*,*#...........#.##.....
*,*#.##.###......#.....#
*,*#,*#.# ########..####
*,,,,,..######## #..####
****,#####.....# #......
*,,,* #..†..# #.#####
***,**#.....# #.....#


You could see a centaur.

Vanquished Creatures
  Purgy (Sewer)
  7 big kobolds (D:3)
  A giant frog (D:4)
  Terence (D:2)
  Natasha (twice) (D:4)
  3 worker ants (D:4)
  A killer bee zombie (D:5)
  4 gnolls (D:3)
  8 adders
  An ooze (D:1)
  A worm (D:4)
  3 giant geckos
  2 ball pythons
  2 giant cockroaches
  7 goblins
  7 hobgoblins
  16 jackals
  56 kobolds
  2 quokkas
  13 bats
  A giant gecko skeleton (D:4)
  7 giant newts
  9 rats
155 creatures vanquished.

Notes
Turn   | Place    | Note
--------------------------------------------------------------
     0 | D:1      | talyn, the Draconian Conjurer, began the quest for the Orb.
     0 | D:1      | Reached XP level 1. HP: 14/14 MP: 3/3
   416 | D:1      | Reached XP level 2. HP: 15/20 MP: 0/5
  1000 | D:1      | Reached XP level 3. HP: 26/26 MP: 0/6
  1143 | D:1      | Learned a level 1 spell: Magic Dart
  1147 | D:1      | Learned a level 3 spell: Dazzling Spray
  1156 | D:2      | Noticed Terence
  1168 | D:2      | Killed Terence
  1168 | D:2      | Reached skill level 1 in Shields
  1429 | D:2      | Found a blossoming altar of Fedhas.
  1429 | D:2      | Found an ancient bone altar of Kikubaaqudgha.
  1669 | D:2      | Reached XP level 4. HP: 33/33 MP: 4/8
  1760 | D:2      | Reached skill level 5 in Conjurations
  1769 | D:2      | Learned a level 4 spell: Iskenderun's Mystic Blast
  2416 | D:3      | Reached XP level 5. HP: 38/38 MP: 4/9
  2517 | D:3      | Found a shattered altar of Ashenzari.
  2904 | D:3      | Noticed a big kobold
  2904 | D:3      | Noticed a big kobold
  2913 | D:3      | Killed a big kobold
  2920 | D:3      | Killed a big kobold
  2920 | D:3      | Reached skill level 6 in Conjurations
  2920 | D:3      | Reached XP level 6. HP: 36/45 MP: 7/11
  2980 | D:3      | Learned a level 4 spell: Fulminant Prism
  2991 | D:3      | Noticed a big kobold
  3006 | D:3      | Killed a big kobold
  3115 | D:3      | Noticed a big kobold
  3135 | D:3      | Killed a big kobold
  3600 | D:3      | Noticed a big kobold
  3600 | D:3      | Noticed a big kobold
  3600 | D:3      | Noticed a big kobold
  3613 | D:3      | Killed a big kobold
  3613 | D:3      | Your scales start taking on a rich purple colour.
  3613 | D:3      | Reached XP level 7. HP: 36/50 MP: 4/14
  3617 | D:3      | Killed a big kobold
  3617 | D:3      | Reached skill level 5 in Spellcasting
  3617 | D:3      | Reached skill level 7 in Conjurations
  3639 | D:3      | Killed a big kobold
  4506 | D:4      | Noticed Natasha
  4510 | D:4      | Killed Natasha
  4757 | D:4      | Found a glowing drain.
  4771 | Sewer    | Entered a sewer
  4777 | Sewer    | Noticed Purgy
  4788 | Sewer    | Killed Purgy
  5159 | D:4      | Noticed Natasha
  5161 | D:4      | Killed Natasha
  5239 | D:4      | Reached XP level 8. HP: 53/57 MP: 8/16
  5321 | D:4      | Learned a level 5 spell: Iskenderun's Battlesphere
  5337 | D:5      | Entered Level 5 of the Dungeon
  5541 | D:5      | Shot with an arrow by a centaur

Action                   |  1- 3 |  4- 6 |  7- 9 || total
-------------------------+-------+-------+-------++-------
Melee: Dagger            |    26 |    84 |    17 ||   127
       Unarmed           |     2 |       |       ||     2
       Whip              |       |       |     1 ||     1
 Cast: Magic Dart        |    62 |   144 |   131 ||   337
       Dazzling Spray    |     1 |     2 |       ||     3
  Use: Scroll            |     1 |     1 |     6 ||     8
 Stab: Invisible         |       |     1 |       ||     1
  Eat: Chunk             |     2 |     1 |     2 ||     5
       Meat ration       |     1 |       |       ||     1
       Bread ration      |       |     1 |       ||     1
       Pizza             |       |       |     1 ||     1
